 Dungeon Sprint DCSS version 0.23-a0-175-g97aacdb306 (webtiles) character file.

4049 ICC the Eclecticist (level 10, -2/49 HPs)
             Began as a Vine Stalker Gladiator on Sept 17, 2018.
             Was a High Priest of Sif Muna.
             Killed from afar by an oklob plant (8 damage)
             ... with a splash of acid
             ... in the Dungeon (Sprint IX: "|||||||||||||||||||||||||||||").
             The game lasted 00:06:51 (880 turns).

ICC the Eclecticist (Vine Stalker Gladiator)         Turns: 880, Time: 00:06:52

Health: -2/49      AC:  1    Str: 16    XL:     10   Next: 24%
Magic:  0/30       EV: 14    Int: 11    God:    Sif Muna [*****.]
Gold:   19         SH:  0    Dex: 23    Spells: 40/40 levels left

rFire    . . .     SeeInvis .     - Unarmed
rCold    . . .     Gourm    .   (no shield)
rNeg     . . .     Faith    .   p - +1 scale mail
rPois    .         Spirit   +   n - +0 helmet
rElec    .         Reflect  .   (no cloak)
rCorr    .         Harm     .   (no gloves)
MR       +....     NoTele   +   o - +0 pair of boots
Stlth    +.........             (no amulet)
HPRegen  0.56/turn              q - +3 ring of dexterity
MPRegen  0.22/turn              r - +3 ring of intelligence

@: corroded, very slightly contaminated
A: fangs 3, regeneration 1, magic shield, antimagic bite, no potion heal 3, rot
immunity
a: Divine Energy, Channel Magic, Forget Spell, Renounce Religion


You were in the Dungeon.
You worshipped Sif Muna.
Sif Muna was extremely pleased with you.
You were not hungry.

You visited 1 branch You collected 19 gold pieces.

Inventory:

Missiles
 c - 3 throwing nets (quivered)
Armour
 n - a +0 helmet (worn)
 o - a +0 pair of boots (worn)
 p - a +1 scale mail (worn)
Jewellery
 q - a +3 ring of dexterity (left hand)
 r - a +3 ring of intelligence (right hand)
Wands
 f - a wand of acid (9)
Scrolls
 j - a scroll of blinking
 l - 3 scrolls of remove curse
 m - 2 scrolls of amnesia
 s - 4 scrolls of identify
 t - a scroll of fear
Potions
 a - a potion of resistance
 b - a potion of mutation
 e - 5 potions of curing
 g - a potion of haste
 h - 4 potions of magic
 i - a potion of berserk rage
 k - a potion of invisibility
Comestibles
 d - a ration
 u - 7 chunks of flesh


   Skills:
 + Level 3.6 Fighting
 - Level 1.7 Throwing
 + Level 6.3 Dodging
 - Level 14.3 Unarmed Combat
 * Level 15.9 Spellcasting


You had 40 spell levels left.
You didn't know any spells.
Your spell library contained the following spells:

 Spells                   Type           Power        Failure   Level  Hunger
 Searing Ray              Conj           #.....       38%         2    None
 Conjure Flame            Conj/Fire      #.......     63%         3    None
 Dazzling Spray           Conj/Hex       #.....       63%         3    None
 Portal Projectile        Hex/Tloc       #.....       63%         3    None
 Leda's Liquefaction      Hex/Erth       #.........   95%         4    ###....
 Lightning Bolt           Conj/Air       #.........   100%        5    #####..
 Summon Mana Viper        Hex/Summ       #.......     100%        5    #####..
 Ignition                 Fire           #.........   100%        8    #######


Dungeon Overview and Level Annotations

Branches:
Dungeon (1/1)

Altars:
Cheibriados
Dithmenos
Elyvilon
Fedhas
Gozag
Hepliaklqana
Kikubaaqudgha
Makhleb
Nemelex Xobeh
Okawaru
Qazlal
Ru
Sif Muna
Trog
Uskayaw
Vehumet
Wu Jian
Xom
Yredelemnul
Zin
The Shining One
Beogh
Jiyva
Lugonu

Annotations:
D exclusion: oklob plant


Innate Abilities, Weirdness & Mutations

You have razor-sharp teeth.
Your natural rate of healing is unusually fast.
When hurt, damage is shared between your health and your magic reserves.
Your bite disrupts and absorbs the magic of your enemies.
Potions cannot restore your health.
You are immune to rotting.


Message History

The oklob plant spits acid at you. The splash of acid hits you!
* * * LOW HITPOINT WARNING * * *
The acid corrodes you!
You are splashed with acid!
The acid burns!
* * * LOW HITPOINT WARNING * * *
Some of the chunks of flesh in your inventory have rotted away.
Evoke which item? (* to show all) (? for menu, Esc to quit)
Okay, then.
Throwing (i - inventory)
c - 3 throwing nets (quivered)
Press: ? - help, Shift-Dir - straight line, f - oklob plant
Aim: an oklob plant (heavily damaged, immune to nets)
Okay, then.
You hit the oklob plant but do no damage.
You bite the oklob plant, but do no damage.
The oklob plant is heavily damaged.
You hit the oklob plant.
The oklob plant is heavily damaged.
The oklob plant spits acid at you. The splash of acid hits you!
You die...

▓.▓.▓_▓
▓.▓.▓_▓
▓.▓.▓_▓
▓.▓.▓_▓
▓.▓.▓_▓
▓†▓.▓_▓
▓.▓.▓_▓
▓.▓.▓_▓
▓@▓.▓_▓
▓P▓.▓_▓
▓D▓.▓_▓
▓D▓.▓_▓
▓t▓.▓_▓
▓F▓.▓_▓
▓Y▓.▓_▓
▓+▓.▓'▓
▓.▓.▓


You could see an eight-headed hydra, a six-headed hydra, an oklob plant, a yak,
a crocodile and a bullfrog.

Vanquished Creatures
  Josephine (D)
  An elephant (D)
  A rime drake (D)
  A spiny frog (D)
  2 komodo dragons (D)
  A hippogriff (D)
  A blink frog (D)
  2 yaks (D)
  A vampire (D)
  3 wraiths (D)
  2 porcupines (D)
  A black bear (D)
  A wolf (D)
  A crocodile (D)
  A centaur (D)
  A bullfrog (D)
  2 crimson imps (D)
  A hound (D)
  An iguana (D)
  A shadow imp (D)
  2 adder skeletons (D)
  A leopard gecko (D)
  2 orcs (D)
  2 bats (D)
  A hobgoblin (D)
  A jackal (D)
  2 giant cockroach zombies (D)
  A rat (D)
38 creatures vanquished.

Notes
Turn   | Place    | Note
-------+----------+-------------------------------------------
     0 | D        | ICC the Vine Stalker Gladiator began the quest for the Orb.
     0 | D        | Reached XP level 1. HP: 11/11 MP: 2/2
   268 | D        | Noticed a crimson imp
   269 | D        | Reached XP level 2. HP: 15/15 MP: 3/3
   273 | D        | Reached skill level 5 in Unarmed Combat
   294 | D        | Killed a crimson imp
   294 | D        | Reached XP level 3. HP: 13/18 MP: 4/4
   307 | D        | Found a roughly hewn altar of Beogh.
   307 | D        | Found a snail-covered altar of Cheibriados.
   307 | D        | Found a shadowy altar of Dithmenos.
   307 | D        | Found a white marble altar of Elyvilon.
   307 | D        | Found a blossoming altar of Fedhas.
   307 | D        | Found an opulent altar of Gozag.
   308 | D        | Found a hazy altar of Hepliaklqana.
   309 | D        | Found a viscous altar of Jiyva.
   310 | D        | Found an ancient bone altar of Kikubaaqudgha.
   311 | D        | Found a corrupted altar of Lugonu.
   312 | D        | Found a burning altar of Makhleb.
   313 | D        | Found a sparkling altar of Nemelex Xobeh.
   314 | D        | Found an iron altar of Okawaru.
   315 | D        | Found a stormy altar of Qazlal.
   316 | D        | Found a sacrificial altar of Ru.
   317 | D        | Found a deep blue altar of Sif Muna.
   318 | D        | Found a bloodstained altar of Trog.
   319 | D        | Found a hide-covered altar of Uskayaw.
   320 | D        | Found a radiant altar of Vehumet.
   321 | D        | Found an ornate altar of the Wu Jian Council.
   322 | D        | Found a shimmering altar of Xom.
   323 | D        | Found a basalt altar of Yredelemnul.
   324 | D        | Found a glowing silver altar of Zin.
   325 | D        | Became a worshipper of Sif Muna the Loreminder
   326 | D        | Found a glowing golden altar of the Shining One.
   383 | D        | Noticed a centaur
   383 | D        | Noticed a yak
   385 | D        | Reached skill level 2 in Spellcasting
   385 | D        | Gained mutation: Your natural rate of healing is unusually
                  | fast. [Vine Stalker growth]
   385 | D        | Reached XP level 4. HP: 23/23 MP: 4/8
   388 | D        | Reached skill level 3 in Spellcasting
   396 | D        | Killed a centaur
   396 | D        | Reached * piety under Sif Muna
   396 | D        | Reached skill level 5 in Spellcasting
   396 | D        | Reached XP level 5. HP: 12/26 MP: 2/14
   404 | D        | Killed a yak
   404 | D        | Reached ** piety under Sif Muna
   404 | D        | Reached skill level 10 in Unarmed Combat
   404 | D        | Reached skill level 7 in Spellcasting
   404 | D        | Reached XP level 6. HP: 11/30 MP: 9/17
   412 | D        | Reached skill level 8 in Spellcasting
   443 | D        | Noticed a vampire
   443 | D        | Noticed a yak
   443 | D        | Noticed a black bear
   457 | D        | Killed a vampire
   457 | D        | Reached skill level 9 in Spellcasting
   457 | D        | Reached XP level 7. HP: 34/34 MP: 16/20
   459 | D        | Killed a yak
   459 | D        | Reached *** piety under Sif Muna
   459 | D        | Reached skill level 10 in Spellcasting
   543 | D        | Noticed a wraith
   555 | D        | Killed a wraith
   555 | D        | Gained mutation: You have razor-sharp teeth. [Vine Stalker
                  | growth]
   555 | D        | Reached XP level 8. HP: 32/38 MP: 19/23
   556 | D        | Noticed Josephine
   558 | D        | Noticed a wraith
   558 | D        | Noticed a wraith
   571 | D        | Killed Josephine
   571 | D        | Reached **** piety under Sif Muna
   571 | D        | Reached skill level 12 in Spellcasting
   571 | D        | Reached XP level 9. HP: 16/42 MP: 23/26
   578 | D        | Reached skill level 13 in Spellcasting
   586 | D        | Reached ***** piety under Sif Muna
   586 | D        | Identified Sif Muna's Collected Works on Confrontation and
                  | Flames (Sif Muna gifted it to you in the Dungeon)
   586 | D        | Received a gift from Sif Muna
   636 | D        | Noticed a rime drake
   636 | D        | Noticed a komodo dragon
   636 | D        | Noticed a komodo dragon
   645 | D        | Killed a rime drake
   649 | D        | Killed a komodo dragon
   649 | D        | Reached skill level 14 in Spellcasting
   649 | D        | Noticed an elephant
   652 | D        | Killed a komodo dragon
   661 | D        | Reached skill level 5 in Dodging
   665 | D        | Reached skill level 15 in Spellcasting
   675 | D        | Killed an elephant
   675 | D        | Identified Qidixim's Papyrus of Earthen Beguiling (Sif Muna
                  | gifted it to you in the Dungeon)
   675 | D        | Received a gift from Sif Muna
   675 | D        | Reached XP level 10. HP: 12/48 MP: 30/30
   745 | D        | Noticed a spiny frog
   745 | D        | Noticed an oklob plant
   746 | D        | Noticed an eight-headed hydra
   748 | D        | Killed a spiny frog
   753 | D        | Noticed a six-headed hydra
   880 | D        | Killed from afar by an oklob plant

Vault maps used:
D:        linesprint

Skill      XL: |  1  2  3  4  5  6  7  8  9 10 |
---------------+-------------------------------+-----
Unarmed Combat | 4 7 8 9 10 11 13 14 | 14.3
Spellcasting   | 2 5 7 9 10 12 15 | 15.9
Fighting       | 2 3 |  3.6
Dodging        | 5 6 |  6.3
Throwing       | |  1.7

Action                   |  1- 3 |  4- 6 |  7- 9 | 10-12 || total
-------------------------+-------+-------+-------+-------++-------
Melee: Unarmed           |    40 |    40 |    80 |    28 ||   188
       Bite              |    10 |    19 |    43 |    13 ||    85
       Punch             |     2 |     5 |     7 |     5 ||    19
Throw: Throwing net      |       |       |     1 |       ||     1
Evoke: Wand              |       |       |     1 |       ||     1
  Use: Potion            |       |     1 |       |       ||     1
       Scroll            |       |       |       |     1 ||     1
Armor: Leather armour    |     4 |       |       |       ||     4
       Scale mail        |       |    10 |    17 |     5 ||    32
Dodge: Dodged            |    20 |    15 |    27 |     8 ||    70

Table legend:
 A = Non-vault XP
 B = Vault XP
 C = Vault XP percentage of total XP
 D = Non-vault monster count
 E = Vault monster count
 F = Vault count percentage of total count
                 A         B        C        D         E       F
            +---------+---------+-------+---------+---------+-------
      Total |       0 |    5785 | 100.0 |       0 |      38 | 100.0
            +---------+---------+-------+---------+---------+-------
          D |       0 |    5785 | 100.0 |       0 |      38 | 100.0
            +---------+---------+-------+---------+---------+-------
